 Dungeon Crawl Stone Soup version 0.23.1-37-gaa34b87 (webtiles) character file.

Game seed: 14021252977398082932

37 doot the Conjurer (level 3, 0/19 HPs)
             Began as a Deep Elf Conjurer on Mar 27, 2019.
             Killed by nerve-wracking pain
             ... invoked by Jessica
              (8 damage)
             ... on level 2 of the Dungeon.
             The game lasted 00:03:07 (636 turns).

doot the Conjurer (Deep Elf Conjurer)                Turns: 636, Time: 00:03:08

Health: 0/19       AC:  2    Str:  5    XL:     3   Next: 23%
Magic:  6/9        EV: 13    Int: 20    God:
Gold:   43         SH:  0    Dex: 15    Spells: 5/8 levels left

rFire    . . .     SeeInvis .   (no weapon)
rCold    . . .     Gourm    .   (no shield)
rNeg     . . .     Faith    .   a - +0 robe
rPois    .         Spirit   .   (no helmet)
rElec    .         Reflect  .   (no cloak)
rCorr    .         Harm     .   (no gloves)
MR       .....                  (no boots)
Stlth    ++........             (no amulet)
HPRegen  0.06/turn              (no ring)
MPRegen  0.11/turn              (no ring)

@: no status effects
A: no striking features
a: no special abilities


You were on level 2 of the Dungeon.
You were not hungry.

You visited 1 branch of the dungeon, and saw 3 of its levels.

You collected 43 gold pieces.

Inventory:

Armour
 a - a +0 robe (worn)
Scrolls
 b - a scroll of fog {unknown}
 d - 3 scrolls of teleportation {unknown}
 e - a scroll of remove curse {unknown}
 f - a scroll of blinking {unknown}
Comestibles
 c - 2 rations
 g - a chunk of flesh


   Skills:
 + Level 2.5 Dodging
 + Level 2.6 Stealth
 + Level 3.3 Spellcasting
 + Level 5.4 Conjurations


You had 5 spell levels left.
You knew the following spells:

 Your Spells              Type           Power        Failure   Level  Hunger
a - Magic Dart            Conj           ###.         1%          1    None
b - Searing Ray           Conj           ###...       2%          2    ##.....

Your spell library contained the following spells:

 Spells                   Type           Power        Failure   Level  Hunger
 Dazzling Spray           Conj/Hex       ##....       14%         3    ###....
 Iskenderun's Mystic Bla  Conj           ###.....     16%         4    ####...
 Force Lance              Conj/Tloc      ##......     41%         4    ####...
 Fulminant Prism          Conj/Hex       ##........   41%         4    ####...


Dungeon Overview and Level Annotations

Branches:
Dungeon (3/15)

Altars:
Fedhas

Annotations:
D:2 Jessica


Message History

Jessica shouts!
You start waiting.
Jessica is too close now for your liking.
Casting: Magic Dart (safe; 1% risk of failure)
Confirm with . or Enter, or press ? or * to list all spells.
Aiming: Searing Ray (safe; 2% risk of failure)
Press: ? - help, Shift-Dir - straight line, f - Jessica
Aim: Jessica, wearing a +0 robe The searing ray hits Jessica.
Jessica is heavily wounded. (Press . to maintain the ray.) Jessica casts a spell at you.
Pain shoots through your body!
Ouch! That really hurt!
The searing ray hits Jessica.
Jessica is almost dead.
You hear an angry hiss.
Jessica points at you and mumbles some strange words.
Pain shoots through your body!
You die...

## .. #. ##### ##########. #.
...# ####......!.S.####. ....
.................. #..#
#.#..........####. #..#
#@#....@.S...####.
#..####.#..........#....
#.....#.#..........#....
#####.##.#.#..........#.W.#
#..........@..............) #####
###.#.##.###.....)[..##...# ....#
#.#....# ############...
###.#.###.#######################
###.#>...........................


You could see Jessica.

Vanquished Creatures
  An adder (D:2)
  A worm (D:2)
  A dart slug (D:2)
  2 leopard geckos
  An orc (D:2)
  A ball python (D:2)
  A giant cockroach (D:1)
  3 goblins
  4 hobgoblins
  A frilled lizard (D:1)
  2 kobolds (D:2)
  2 rats
20 creatures vanquished.

Notes
Turn   | Place    | Note
-------+----------+-------------------------------------------
     0 | D:1      | doot the Deep Elf Conjurer began the quest for the Orb.
     0 | D:1      | Reached XP level 1. HP: 10/10 MP: 6/6
    81 | D:1      | Reached XP level 2. HP: 15/15 MP: 0/8
   162 | D:2      | Learned a level 2 spell: Searing Ray
   184 | D:2      | Reached skill level 5 in Conjurations
   215 | D:2      | Found a blossoming altar of Fedhas.
   283 | D:2      | Reached XP level 3. HP: 17/19 MP: 5/9
   312 | D:2      | Noticed a phantom
   361 | D:2      | Noticed Jessica
   636 | D:2      | Killed from afar by Jessica

Skill      XL: |  1  2 |
---------------+-------+-----
Conjurations   | 5 |  5.4
Dodging        | |  2.5
Stealth        | |  2.6
Spellcasting   | |  3.3

Action                   || total
-------------------------++-------
 Cast: Magic Dart        ||    32
       Searing Ray       ||     4
Armor: Robe              ||     3
Dodge: Dodged            ||    16
